 Dungeon Crawl Stone Soup version 0.30-a0-465-g8901f6c8b5 (webtiles) character file.

Game seed: 11320636428767534658

406 Zonian the Magician (level 7, 0/45 HPs)
             Began as a Djinni Ice Elementalist on Dec 18, 2022.
             Killed by divine providence
             ... invoked by an orc priest
              (9 damage)
             ... on level 5 of the Dungeon.
             The game lasted 00:08:20 (5178 turns).

Zonian the Magician (Djinni Ice Elementalist)       Turns: 5178, Time: 00:08:23

Health: 0/45       AC:  6    Str:  7    XL:     7   Next: 12%
Gold:   194        EV: 12    Int: 19    God:
                   SH:  0    Dex: 13

rFire   + + +      SeeInvis .    k - +1 dagger (venom)
rCold   x . .      Faith    .    (no shield)
rNeg    . . .      Spirit   .    b - +2 leather armour {rF+}
rPois   ∞          Reflect  .    (no helmet)
rElec   .          Harm     .    g - +0 cloak
rCorr   .          Rampage  .    (no gloves)
Will    .....                    (boots unavailable)
Stlth   ++........               (no amulet)
HPRegen 0.27/turn                (no ring)
MPRegen 0.00/turn                (no ring)

@: freezing walls, flying
A: sickness immunity, fire resistance 2, cold vulnerability 1, float, innate
caster, HP casting, extra vitality 1
a: no special abilities


You were on level 5 of the Dungeon.
You visited 1 branch of the dungeon, and saw 5 of its levels.
You also visited: Ossuary.

You collected 260 gold pieces.
You spent 66 gold pieces at shops.

Inventory:

Hand Weapons
 e - a +1 sling
 k - a +1 dagger of venom (weapon)
Missiles
 r - 3 poisoned darts
Armour
 a - a +0 robe
 b - a +2 leather armour of fire resistance (worn)
 g - a +0 cloak (worn)
Jewellery
 m - a ring of see invisible
Scrolls
 l - a scroll of blinking
 p - 2 scrolls of teleportation {unknown}
Potions
 c - 5 potions of curing
 d - a potion of mutation
 f - a potion of resistance {unknown}
 i - 4 potions of heal wounds
 q - a potion of haste
 t - a potion of cancellation {unknown}


   Skills:
 - Level 2.8 Dodging
 - Level 2.2 Stealth
 + Level 5.9 Spellcasting


You had one spell level left.
You knew the following spells:

 Your Spells              Type           Power      Damage    Failure   Level
a - Freeze                Ice            100%       1d10      1%          1
b - Frozen Ramparts       Ice            56%        1d9       4%          3
c - Ozocubu's Armour      Ice            28%        N/A       4%          3
d - Summon Ice Beast      Ice/Summ       28%        N/A       14%         4
e - Apportation           Tloc           56%        N/A       1%          1
f - Poisonous Vapours     Pois/Air       56%        N/A       2%          2
g - Call Imp              Summ           28%        N/A       2%          2
Your spell library was empty.

Dungeon Overview and Level Annotations

Branches:
Dungeon (5/15)            Ossuary (visited)
 Temple: D:4-7

Altars:

Shops:
D:1 =   D:2 *


Innate Abilities, Weirdness & Mutations

You are immune to sickness and miasma.
You are immune to poison.
Your flesh is very heat resistant. (rF++)
You are vulnerable to cold. (rC-)
You float through the air rather than walking.
You learn spells naturally, not from books.
Your magical power is your life essence.
You have superior vitality. (+4 MHP)


Message History

The orc priest invokes the aid of Beogh against you.
Beogh smites you!
You see here a potion of mutation.
You barely miss the orc wizard.
The orc wizard gestures wildly while chanting.
The orc wizard flickers and vanishes!
Deactivating autopickup; reactivate with Ctrl-A.
You barely miss something. Something hits you but does no damage.
The orc priest looks braver for a moment.
You closely miss something. Something hits you.
Unknown command.
You hit something but do no damage. Your punch misses something.
You hear some strange, mumbled words.
A magic dart appears from out of thin air!
The magic dart hits you.
You hit something but do no damage. Something hits you.
The orc priest invokes the aid of Beogh against you.
Beogh smites you!
* * * LOW HITPOINT WARNING * * *
You completely miss something. Something hits you but does no damage.
You hit something. Something hits you.
* * * LOW HITPOINT WARNING * * *
You completely miss something. Something hits you but does no damage.
Unknown command.
Casting: Frozen Ramparts (dangerous; 4% risk of failure)
Confirm with . or Enter, or press ? or * to list all spells.
Casting: Frozen Ramparts (dangerous; 4% risk of failure)
Press: ? - help, Dir - look around, f - activate The walls around you are covered in ice.
* * * LOW HITPOINT WARNING * * *
Reactivating autopickup.
You feel a bit more experienced.
The wall freezes the orc priest.
The wall freezes the orc priest!
You hit the orc priest but do no damage.
The orc priest is heavily wounded.
The wall freezes the orc priest.
The wall freezes the orc priest but does no damage.
The orc priest mumbles some strange prayers to Beogh against you.
Beogh smites you!
You die...

....#########
#......#....# #####
#######.##### #..# #.#.#
#.###. ## # ###########
##############..@oo.....
............##.#########
###########.##)# #.##.#
#....# ######


You could see 2 orc priests.

Vanquished Creatures
  A scorpion (D:5)
  2 orc priests (D:5)
  An iguana (D:4)
  4 orc wizards
  3 gnolls (D:3)
  5 adders
  A worm (D:2)
  A dart slug (D:1)
  13 orcs
  8 ball pythons
  4 bats
  7 endoplasms
  2 giant cockroaches
  2 hobgoblins
  6 jackals
  3 quokkas
  A frilled lizard (D:3)
  7 goblins
  2 kobolds
  A quokka zombie (D:5)
  4 rats
  A rat zombie (D:5)
79 creatures vanquished.

Notes
Turn   | Place    | Note
-------+----------+-------------------------------------------
     0 | D:1      | Zonian the Djinni Ice Elementalist began the quest for the
                  | Orb.
     0 | D:1      | Zonian set off with the following spells memorised: Freeze,
                  | Frozen Ramparts, Ozocubu's Armour, Summon Ice Beast.
     0 | D:1      | Reached XP level 1. HP: 15/15 MP: 0/0
   316 | D:1      | Reached XP level 2. HP: 14/21 MP: 0/0
   846 | D:1      | Reached XP level 3. HP: 25/25 MP: 0/0
   846 | D:1      | Learned a level 1 spell: Apportation
  1053 | D:1      | Found Curul's Jewellery Shoppe.
  1209 | D:1      | You are sucked into a shaft and drop 1 floor!
  1299 | D:2      | Found Xorageju's Assorted Antiques.
  1305 | D:2      | Bought a scroll labelled ILUEVEA DYALECS for 23 gold pieces
  1305 | D:2      | Bought a bubbling inky potion for 20 gold pieces
  1305 | D:2      | Bought a scroll labelled WIYPTO ALIASS for 23 gold pieces
  1874 | D:2      | Found a faded altar of an unknown god.
  2146 | D:3      | Reached XP level 4. HP: 25/31 MP: 0/0
  2497 | D:3      | Reached skill level 4 in Spellcasting
  2684 | D:3      | Reached XP level 5. HP: 26/35 MP: 0/0
  2684 | D:3      | Learned a level 2 spell: Poisonous Vapours
  3780 | D:4      | Reached skill level 5 in Spellcasting
  3780 | D:4      | Reached XP level 6. HP: 39/40 MP: 0/0
  4177 | D:5      | Entered Level 5 of the Dungeon
  4522 | D:5      | Found a sand-covered staircase.
  4530 | Ossuary  | Entered an ossuary
  4741 | D:5      | Reached XP level 7. HP: 17/45 MP: 0/0
  4741 | D:5      | Learned a level 2 spell: Call Imp
  5178 | D:5      | Killed from afar by an orc priest

Illustrated notes

Levels and vault maps discovered:
D:1:      sevenhm_arrival_forest_fort_small_6, layout_basic, serial_shops, shop,
          chequers_serial_rivers_micro_d
D:2:      layout_basic, serial_shops, shop, basic_altar,
          shapermc_ecumenical_altar_rom_forum
D:3:      layout_loops_corners
D:4:      layout_basic
D:5:      layout_loops_ring, enter_ossuary_4

Skill      XL: |  1  2  3  4  5 |
---------------+----------------+-----
Stealth        | 2 |  2.2
Spellcasting   | 4 5 |  5.9
Dodging        | |  2.8

Action                   |  1- 3 |  4- 6 |  7- 9 || total
-------------------------+-------+-------+-------++-------
Melee: Unarmed           |     2 |       |       ||     2
       Punch             |     1 |     1 |     1 ||     3
       Dagger            |    15 |    95 |    14 ||   124
 Fire: Sling             |   105 |       |       ||   105
 Cast: Freeze            |    13 |    12 |       ||    25
       Frozen Ramparts   |       |     3 |     1 ||     4
  Use: Scroll            |     1 |    10 |       ||    11
 Stab: Sleeping          |       |     5 |       ||     5
Armor: Leather armour    |    37 |    29 |     4 ||    70
Dodge: Dodged            |    94 |    55 |     5 ||   154

Table legend: (Time is in decaauts)
 A = Elapsed time spent in this place.
 B = Non-inter-level travel time spent in this place.
 C = Inter-level travel time spent in this place.
 D = Time resting spent in this place.
 E = Time spent auto-exploring this place.
 F = Levels seen in this place.
 G = Mean time per level.
                   A        B        C        D        E       F      G
               +--------+--------+--------+--------+--------+-----+--------+
         Total |   5223 |   5172 |     51 |   1353 |   3009 |   6 |  870.5 |
       Dungeon |   5207 |   5156 |     51 |   1353 |   3009 |   5 | 1041.4 |
       Ossuary |     15 |     15 |      0 |      0 |      0 |   1 |   15.0 |
               +--------+--------+--------+--------+--------+-----+--------+

Top non-repeatable levels by time:
     D:1: 1229 daAuts
     D:3: 1182 daAuts
     D:5: 984 daAuts
     D:2: 954 daAuts
     D:4: 856 daAuts
 Ossuary: 15 daAuts
